ORI
OREGON STATE UNIVERSITY BEAVERS @ UNIVERSITY OF GEORGIA BULLDOGS
09/06/2044
 
TOP OF THE 1ST
Oregon State University Beavers batting - Pitching for University of Georgia Bulldogs : RHP Andy Wolverton
Pitching: RHP Andy Wolverton
Batting: RHB Vicente Guillen 0-0: Ball
1-0: Called Strike
1-1: SINGLE (Groundball, 56D, EV 100.0 MPH)
Batting: LHB Karel Hort 0-0: Foul Ball, location: 2F
0-1: Foul Ball, location: 2F
0-2: Ball
1-2: Foul Ball, location: 2F
1-2: Ball
2-2: Ball
3-2: Fielders Choice at 2nd, 4-6 (Groundball, 4, EV 85.0 MPH)
Batting: LHB Mike Becerra 0-0: Ball
1-0: Fielders Choice at 2nd, 3-6 (Groundball, 3, EV 86.9 MPH)
Batting: RHB Roger Mitchell 0-0: SINGLE (Groundball, 25, EV 76.3 MPH) (infield hit)
Mike Becerra to second
Batting: RHB Hisao Takei 0-0: Ground out 5-3 (Groundball, 56S, EV 92.5 MPH)
Top of the 1st over - 0 runs, 2 hits, 0 errors, 2 left on base; Oregon State University 0 - University of Georgia 0
BOTTOM OF THE 1ST
University of Georgia Bulldogs batting - Pitching for Oregon State University Beavers : RHP Lense Heus
Pitching: RHP Lense Heus
Batting: RHB Janne Vihko 0-0: Ball
1-0: Foul Ball, location: 2F
1-1: Foul Ball, location: 2F
1-2: Ball
2-2: Foul Ball, location: 2F
2-2: Strikes out swinging
Batting: RHB Tony Aguiar 0-0: Ball
1-0: Called Strike
1-1: SINGLE (Groundball, 34, EV 100.6 MPH)
Batting: LHB Justin Daley 0-0: Hit by Pitch
Tony Aguiar to second
Batting: RHB Terry Oetker 0-0: SINGLE (Groundball, 6D, EV 101.3 MPH)
Tony Aguiar to third
Justin Daley to second
Batting: RHB Juan Gallegos 0-0: Swinging Strike
0-1: Fielders Choice at 2nd, 5-4 (Groundball, 56S, EV 83.1 MPH)
Tony Aguiar scores
Justin Daley to third
Batting: RHB Armando Ramirez 0-0: Ball
1-0: Fly out, F7 (Flyball, 7, EV 80.6 MPH)
Bottom of the 1st over - 1 run, 2 hits, 0 errors, 2 left on base; Oregon State University 0 - University of Georgia 1
TOP OF THE 2ND
Oregon State University Beavers batting - Pitching for University of Georgia Bulldogs : RHP Andy Wolverton
Batting: RHB Mario Avila 0-0: Ball
1-0: Ball
2-0: Swinging Strike
2-1: Called Strike
2-2: DOUBLE (Line Drive, 78D, EV 105.0 MPH)
Batting: RHB Willem Urry 0-0: Called Strike
0-1: Foul Ball, location: 2F
0-2: Ball
1-2: SINGLE (Groundball, 56D, EV 100.6 MPH)
Mario Avila to third
Batting: RHB Noel Bodkin 0-0: Ball
1-0: Foul Ball, location: 2F
1-1: Swinging Strike
1-2: Foul Ball, location: 2F
1-2: Strikes out swinging
Batting: RHB Branden Rodrigues 0-0: Called Strike
0-1: Ball
1-1: Grounds into double play, 5-4-3 (Groundball, 5, EV 106.9 MPH)
Top of the 2nd over - 0 runs, 2 hits, 0 errors, 1 left on base; Oregon State University 0 - University of Georgia 1
BOTTOM OF THE 2ND
University of Georgia Bulldogs batting - Pitching for Oregon State University Beavers : RHP Lense Heus
Batting: RHB Jose Garibay 0-0: Called Strike
0-1: Ground out 3-1 (Groundball, 34S, EV 85.6 MPH)
Batting: LHB Antonio Razo 0-0: Ball
1-0: Foul Ball, location: 2F
1-1: Ball
2-1: Ball
3-1: Fly out, F9 (Line Drive, 9D, EV 105.0 MPH)
Batting: RHB Patrick Pinault 0-0: Called Strike
0-1: Ball
1-1: Ground out 5-3 (Groundball, 56, EV 100.6 MPH)
Bottom of the 2nd over - 0 runs, 0 hits, 0 errors, 0 left on base; Oregon State University 0 - University of Georgia 1
TOP OF THE 3RD
Oregon State University Beavers batting - Pitching for University of Georgia Bulldogs : RHP Andy Wolverton
Batting: RHB Vicente Guillen 0-0: Ball
1-0: Called Strike
1-1: Foul Ball, location: 2F
1-2: Strikes out looking
Batting: LHB Karel Hort 0-0: Ball
1-0: Foul Ball, location: 2F
1-1: Ground out 4-3 (Groundball, 4S, EV 73.8 MPH)
Batting: LHB Mike Becerra 0-0: SINGLE (Groundball, 56D, EV 99.4 MPH)
Batting: RHB Roger Mitchell 0-0: Ground out U3 (Groundball, 34S, EV 91.9 MPH)
Top of the 3rd over - 0 runs, 1 hit, 0 errors, 1 left on base; Oregon State University 0 - University of Georgia 1
BOTTOM OF THE 3RD
University of Georgia Bulldogs batting - Pitching for Oregon State University Beavers : RHP Lense Heus
Batting: RHB Janne Vihko 0-0: Ball
1-0: Ground out 6-3 (Groundball, 56, EV 99.4 MPH)
Batting: RHB Tony Aguiar 0-0: Called Strike
0-1: Swinging Strike
0-2: Foul Ball, location: 2F
0-2: Ground out 4-3 (Groundball, 4, EV 98.8 MPH)
Batting: LHB Justin Daley 0-0: Ball
1-0: Called Strike
1-1: Called Strike
1-2: Ground out 4-3 (Groundball, 4, EV 88.8 MPH)
Bottom of the 3rd over - 0 runs, 0 hits, 0 errors, 0 left on base; Oregon State University 0 - University of Georgia 1
TOP OF THE 4TH
Oregon State University Beavers batting - Pitching for University of Georgia Bulldogs : RHP Andy Wolverton
Batting: RHB Hisao Takei 0-0: Ground out 3-1 (Groundball, 34, EV 93.8 MPH)
Batting: RHB Mario Avila 0-0: Ball
1-0: Ball
2-0: Fly out, F8 (Flyball, 8RM, EV 88.1 MPH)
Batting: RHB Willem Urry 0-0: Reached on error, E6 (Groundball, 6, EV 80.6 MPH)
Batting: RHB Noel Bodkin 0-0: Swinging Strike
0-1: Ball
1-1: Ball
2-1: Swinging Strike
2-2: Foul Ball, location: 2F
2-2: Foul Ball, location: 2F
2-2: Foul Ball, location: 2F
2-2: Foul Ball, location: 2F
2-2: Foul Ball, location: 2F
2-2: Strikes out looking
Top of the 4th over - 0 runs, 0 hits, 1 error, 1 left on base; Oregon State University 0 - University of Georgia 1
BOTTOM OF THE 4TH
University of Georgia Bulldogs batting - Pitching for Oregon State University Beavers : RHP Lense Heus
Batting: RHB Terry Oetker 0-0: Called Strike
0-1: Ball
1-1: Ball
2-1: Foul Ball, location: 2F
2-2: Ball
3-2: Ground out U3 (Groundball, 3, EV 90.0 MPH)
Batting: RHB Juan Gallegos 0-0: Called Strike
0-1: Ball
1-1: Foul Ball, location: 2F
1-2: Fly out, F3 (Line Drive, 3, EV 69.4 MPH)
Batting: RHB Armando Ramirez 0-0: Called Strike
0-1: Foul Ball, location: 2F
0-2: Ground out 4-3 (Groundball, 34D, EV 86.3 MPH)
Bottom of the 4th over - 0 runs, 0 hits, 0 errors, 0 left on base; Oregon State University 0 - University of Georgia 1
TOP OF THE 5TH
Oregon State University Beavers batting - Pitching for University of Georgia Bulldogs : RHP Andy Wolverton
Batting: RHB Branden Rodrigues 0-0: Fly out, F8 (Flyball, 8RM, EV 88.1 MPH)
Batting: RHB Vicente Guillen 0-0: Ball
1-0: Called Strike
1-1: Swinging Strike
1-2: SINGLE (Groundball, 56D, EV 98.8 MPH)
Batting: LHB Karel Hort 0-0: Called Strike
0-1: Ball
1-1: Called Strike
1-2: Strikes out swinging
Batting: LHB Mike Becerra 0-0: Ball
1-0: Called Strike
1-1: Called Strike
1-2: Ball
2-2: SINGLE (Line Drive, 8LS, EV 92.5 MPH)
Vicente Guillen to second
Batting: RHB Roger Mitchell 0-0: Ball
1-0: Foul Ball, location: 2F
1-1: Called Strike
1-2: Ball
2-2: Ball
3-2: Fly out, F9 (Flyball, 89D, EV 90.6 MPH)
Top of the 5th over - 0 runs, 2 hits, 0 errors, 2 left on base; Oregon State University 0 - University of Georgia 1
BOTTOM OF THE 5TH
University of Georgia Bulldogs batting - Pitching for Oregon State University Beavers : RHP Lense Heus
Batting: RHB Jose Garibay 0-0: Swinging Strike
0-1: DOUBLE (Line Drive, 3D, EV 108.1 MPH)
Batting: LHB Antonio Razo 0-0: Ball
1-0: Called Strike
1-1: Ball
2-1: Foul Ball, location: 2F
2-2: Ball
3-2: SINGLE (Line Drive, 6MD, EV 95.0 MPH)
Jose Garibay to third
Batting: RHB Patrick Pinault 0-0: Ball
Antonio Razo is caught stealing 2nd base 2-4
1-0: Ball
2-0: SINGLE (Line Drive, 56D, EV 99.4 MPH)
Jose Garibay scores
Batting: RHB Janne Vihko 0-0: Ball
1-0: Ball
2-0: Foul Ball, location: 2F
2-1: Ball
3-1: Called Strike
3-2: Reached on error, E5 (Groundball, 56, EV 109.4 MPH)
Patrick Pinault to second
Batting: RHB Tony Aguiar 0-0: Ball
1-0: Fly out, F3 (Line Drive, 3, EV 73.8 MPH)
Lined into DP, U3 (Line Drive, 3, EV 70.0 MPH)
Bottom of the 5th over - 1 run, 3 hits, 1 error, 1 left on base; Oregon State University 0 - University of Georgia 2
TOP OF THE 6TH
Oregon State University Beavers batting - Pitching for University of Georgia Bulldogs : RHP Andy Wolverton
Pitching: RHP Joe Underhill
Batting: RHB Hisao Takei 0-0: Ball
1-0: Ball
2-0: Ball
3-0: Base on Balls
Batting: SHB Paul Jaques 0-0: Called Strike
0-1: Ball
Wild Pitch!
Hisao Takei to second
1-1: Foul Ball, location: 2F
1-2: Ball
2-2: Foul Ball, location: 2F
2-2: Strikes out swinging
Pinch Hitting: LHB Jose Rodriguez 0-0: Swinging Strike
0-1: Swinging Strike
0-2: Strikes out swinging
Pinch Hitting: SHB Tommy Lamb 0-0: Ball
1-0: SINGLE (Groundball, 6MD, EV 102.5 MPH)
Hisao Takei to third
Runner from 3rd tries for Home, SAFE, throw by CF to home
Pinch Hitting: RHB Jose Esparza 0-0: Ball
1-0: Ball
2-0: SINGLE (Groundball, 56D, EV 107.5 MPH)
Tommy Lamb to second
Batting: RHB Vicente Guillen 0-0: Called Strike
0-1: Foul Ball, location: 2F
0-2: Ball
1-2: Strikes out swinging
Top of the 6th over - 1 run, 2 hits, 0 errors, 2 left on base; Oregon State University 1 - University of Georgia 2
BOTTOM OF THE 6TH
University of Georgia Bulldogs batting - Pitching for Oregon State University Beavers : RHP Lense Heus
Now at 1B: Jose Rodriguez
Now at 3B: Tommy Lamb
Now in CF: Jose Esparza
Batting: LHB Justin Daley 0-0: Ball
1-0: Foul Ball, location: 2F
1-1: Called Strike
1-2: Reached on error, E5 (Groundball, 5D, EV 101.9 MPH)
Batting: RHB Terry Oetker 0-0: Foul Ball, location: 2F
0-1: SINGLE (Line Drive, 7S, EV 86.9 MPH)
Justin Daley to second
Batting: RHB Juan Gallegos 0-0: Ball
1-0: Ball
2-0: Swinging Strike
2-1: Ball
3-1: Foul Ball, location: 2F
3-2: Foul Ball, location: 2F
3-2: Strikes out swinging
Pitching: RHP Josue Rubio
Batting: RHB Armando Ramirez 0-0: Ball
1-0: Ball
2-0: Called Strike
2-1: Foul Ball, location: 2F
2-2: Fly out, F4 (Flyball, 34D, EV 82.5 MPH)
Batting: RHB Jose Garibay 0-0: Foul Ball, location: 2F
0-1: Fly out, F8 (Line Drive, 8LM, EV 92.5 MPH)
Bottom of the 6th over - 0 runs, 1 hit, 1 error, 2 left on base; Oregon State University 1 - University of Georgia 2
TOP OF THE 7TH
Oregon State University Beavers batting - Pitching for University of Georgia Bulldogs : RHP Joe Underhill
Pitching: LHP Dave Waiters
Batting: LHB Karel Hort 0-0: Ball
1-0: Called Strike
1-1: Ball
2-1: Ball
3-1: Swinging Strike
3-2: Base on Balls
Pinch Hitting: RHB Joel Gomez 0-0: Ball
1-0: Ball
2-0: Ball
3-0: Called Strike
3-1: Base on Balls
Karel Hort to second
Pinch Hitting: RHB Itocravo Arrochela 0-0: Called Strike
0-1: Ball
1-1: Foul Ball, location: 2F
1-2: Foul Ball, location: 2F
1-2: Ball
2-2: Foul Ball, location: 2F
2-2: Foul Ball, location: 2F
2-2: Strikes out swinging
Pitching: RHP David Alferez
Batting: RHB Hisao Takei 0-0: Ground out 5-3 (Groundball, 5S, EV 68.1 MPH)
Karel Hort to third
Joel Gomez to second
Batting: SHB Paul Jaques 0-0: Called Strike
0-1: Ground out 5-3 (Groundball, 56, EV 104.4 MPH)
Top of the 7th over - 0 runs, 0 hits, 0 errors, 2 left on base; Oregon State University 1 - University of Georgia 2
BOTTOM OF THE 7TH
University of Georgia Bulldogs batting - Pitching for Oregon State University Beavers : RHP Josue Rubio
Now at 2B: Itocravo Arrochela
Now in RF: Borislav Draganov
Batting: LHB Antonio Razo 0-0: Ball
1-0: Ball
2-0: Called Strike
2-1: Foul Ball, location: 2F
2-2: Strikes out swinging
Batting: RHB Patrick Pinault 0-0: Ball
1-0: Ball
2-0: Foul Ball, location: 2F
2-1: Swinging Strike
2-2: Ball
3-2: Base on Balls
Batting: RHB Janne Vihko 0-0: Ball
1-0: Grounds into double play, 6-4-3 (Groundball, 6, EV 86.3 MPH)
Bottom of the 7th over - 0 runs, 0 hits, 0 errors, 0 left on base; Oregon State University 1 - University of Georgia 2
TOP OF THE 8TH
Oregon State University Beavers batting - Pitching for University of Georgia Bulldogs : RHP David Alferez
Batting: LHB Jose Rodriguez 0-0: Ball
1-0: Ground out 4-3 (Groundball, 4, EV 82.5 MPH)
Batting: SHB Tommy Lamb 0-0: Called Strike
0-1: Ball
1-1: Ball
2-1: SINGLE (Groundball, 56S, EV 65.0 MPH) (infield hit)
Batting: RHB Jose Esparza 0-0: Foul Ball, location: 2F
0-1: Ball
1-1: Ball
2-1: Grounds into double play, 6-4-3 (Groundball, 56, EV 88.8 MPH)
Top of the 8th over - 0 runs, 1 hit, 0 errors, 0 left on base; Oregon State University 1 - University of Georgia 2
BOTTOM OF THE 8TH
University of Georgia Bulldogs batting - Pitching for Oregon State University Beavers : RHP Josue Rubio
Batting: RHB Tony Aguiar 0-0: Called Strike
0-1: Swinging Strike
0-2: Fly out, F7 (Flyball, 7, EV 93.1 MPH)
Batting: LHB Justin Daley 0-0: Foul Ball, location: 2F
0-1: Ball
1-1: SINGLE (Groundball, 34D, EV 101.3 MPH)
Batting: LHB Paul McCool 0-0: Ball
1-0: Ball
2-0: Swinging Strike
2-1: Ball
3-1: Base on Balls
Justin Daley to second
Pinch Runner at 2nd Jesus Alaniz:
Batting: RHB Juan Gallegos 0-0: Called Strike
0-1: Foul Ball, location: 2F
0-2: Ball
1-2: Strikes out swinging
Batting: RHB Armando Ramirez 0-0: 3-RUN HOME RUN (Flyball, 78XD, EV 103.8 MPH), Distance : 403 ft
Pitching: LHP Antonio Sandoval
Batting: RHB Jose Garibay 0-0: Fly out, F8 (Line Drive, 8RM, EV 98.1 MPH)
Bottom of the 8th over - 3 runs, 2 hits, 0 errors, 0 left on base; Oregon State University 1 - University of Georgia 5
TOP OF THE 9TH
Oregon State University Beavers batting - Pitching for University of Georgia Bulldogs : RHP David Alferez
Now at 1B: Jeff Floyd
Batting: RHB Vicente Guillen 0-0: Fly out, F4 (Line Drive, 4, EV 75.6 MPH)
Batting: LHB Karel Hort 0-0: Called Strike
0-1: Foul Ball, location: 2F
0-2: Ball
1-2: Ball
2-2: Foul Ball, location: 2F
2-2: SINGLE (Groundball, 34D, EV 101.9 MPH)
Batting: LHB Borislav Draganov 0-0: Ball
1-0: Called Strike
1-1: Swinging Strike
1-2: Strikes out looking
Pinch Hitting: RHB Gustavo Diaz 0-0: Called Strike
0-1: Ball
1-1: Ball
2-1: Foul Ball, location: 2F
2-2: Foul Ball, location: 2F
2-2: Ball
3-2: Foul Ball, location: 2F
3-2: Foul Ball, location: 2F
3-2: Strikes out swinging
Top of the 9th over - 0 runs, 1 hit, 0 errors, 1 left on base; Oregon State University 1 - University of Georgia 5
Thursday, March 31st , 2022 - OOTP Baseball 22.12 Build 89